AoeStats
← ObiGOD

African Clearing

506951369Analyzed
3v3 RM · 17d ago on Sep 15, 2026· 38m 41s· 6 players
Game mode
Random Map
Map size
Normal (6 player)
Population
200
Speed
Normal
Resources
Standard
Victory
Conquest
Starting age
Dark Age
Ending age
Imperial Age
RankedLock teamsTeams togetherTeam positionsShared explorationLock speedFull tech treeHidden civsTurbo modeCheats
Victory
Defeat
🇺🇸 Lithuanians · United States
1433
+6
🇺🇸 Poles · United States
1430
+6
🇵🇪 Ethiopians · Peru
1345
+9
🇦🇷 Mongols · Argentina
1181
-7
🇦🇷 Magyars · Argentina
1181
-7
🇦🇷 Malay · Argentina
1172
-7
Dazzle
7:07 Loom
14:16 Feudal Age
15:04 Double-Bit Axe
18:20 Castle Age
18:13 Horse Collar
19:22 Bow Saw
23:04 Scale Barding Armor
24:53 Heavy Plow
25:12 Town Watch
27:15 Bloodlines
27:06 Husbandry
27:48 Chain Barding Armor
29:23 Forging
30:26 Wheelbarrow
33:31 Iron Casting
37:25 Imperial Age
35:08 Fletching
36:01 Bodkin Arrow
36:42 Hand Cart
36:15 Elite Skirmisher
37:40 Padded Archer Armor
39:05 Ballistics
39:45 Chemistry
39:34 Plate Barding Armor
38:21 Cavalier
Jack Tyler
9:26 Loom
13:20 Feudal Age
15:41 Double-Bit Axe
17:49 Bloodlines
18:51 Scale Barding Armor
21:17 Horse Collar
25:45 Castle Age
24:57 Forging
25:37 Wheelbarrow
25:36 Town Watch
28:05 Bow Saw
29:31 Fletching
30:27 Szlachta Privileges
32:30 Bodkin Arrow
32:51 Stone Mining
33:43 Ballistics
33:36 Murder Holes
36:45 Treadmill Crane
37:48 Heavy Plow
38:05 Guard Tower
39:15 Hand Cart
brayanis_12
5:08 Loom
14:49 Feudal Age
15:55 Double-Bit Axe
20:22 Castle Age
18:53 Gold Mining
19:14 Horse Collar
20:38 Crossbowman
21:09 Fletching
21:46 Bodkin Arrow
22:19 Town Watch
23:24 Ballistics
24:30 Thumb Ring
25:16 Padded Archer Armor
28:27 Leather Archer Armor
30:02 Scale Mail Armor
33:46 Wheelbarrow
33:13 Heavy Plow
34:35 Bow Saw
39:29 Imperial Age
38:21 Gold Shaft Mining
Luzbelito95
8:29 Loom
12:58 Feudal Age
13:28 Double-Bit Axe
16:21 Forging
24:49 Castle Age
24:36 Bloodlines
26:22 Gold Mining
27:06 Fletching
31:26 Squires
32:49 Ballistics
32:55 Bodkin Arrow
35:10 Padded Archer Armor
36:00 Scale Mail Armor
36:54 Husbandry
gaus
6:54 Loom
13:07 Feudal Age
13:41 Double-Bit Axe
21:54 Castle Age
21:38 Gold Mining
21:41 Stone Mining
22:05 Scale Mail Armor
22:04 Pikeman
25:06 Bow Saw
28:11 Fletching
32:53 Scale Barding Armor
ObiGOD
7:47 Loom
13:05 Feudal Age
13:18 Double-Bit Axe
13:17 Horse Collar
15:34 Man-at-Arms
24:41 Castle Age
24:24 Wheelbarrow
23:55 Gold Mining
25:18 Forging
28:17 Squires
29:05 Iron Casting
31:41 Pikeman
35:27 Elite Skirmisher
36:54 Padded Archer Armor
37:33 Heavy Plow
Connection lost

Rejoining the realm…

Still unreachable

The connection could not be restored.

Session expired

The server has moved on; the page needs a fresh start.